[Event "Early-Titled-Tuesday-Blitz-May-14-2024"]
[Site "Chess.com"]
[Date "2024.05.14"]
[Round "8"]
[White "PonyQueen07"]
[Black "dianamirza"]
[Result "1-0"]
[WhiteElo "2112"]
[BlackElo "1945"]
[TimeControl "180+1"]
[EndTime "9:30:24 PDT"]
[Termination "PonyQueen07 won by checkmate"]

1. c4 c5 2. Nc3 Nc6 3. g3 g6 4. Bg2 Bg7 5. e4 e6 6. Nge2 Nge7 7. O-O O-O 8. d3 d5 9. exd5 exd5 10. Nxd5 Nxd5 11.
Bxd5 Nb4 12. Bg2 Nxd3 13. Qb3 Nxc1 14. Raxc1 Qc7 15. Nf4 Rb8 16. Nd5 Qe5 17. Nc3 Bf5 18.
Rfe1 Qf6 19. Re2 Bd3 20. Nd5 Qg5 21. f4 Bd4+ 22. Kh1 Bxc4 23. Qxc4 Qg4 24. Qxd4 cxd4 25.
Nf6+ Kg7 26. Nxg4 f5 27. Ne5 Rfe8 28. Rd2 Rbd8 29. Rcd1 Kf6 30. h3 g5 31. Rxd4 Rxd4 32. Rxd4 gxf4 33. gxf4 Rc8 34. Rd6+ Ke7 35. Rd7+ Ke6 36.
Bd5+ Kf6 37. Rf7# 1-0

[Event "Early-Titled-Tuesday-Blitz-May-14-2024"]
[Site "Chess.com"]
[Date "2024.05.14"]
[Round "8"]
[White "BardArtem"]
[Black "frederiksvane"]
[Result "1-0"]
[WhiteElo "2777"]
[BlackElo "2955"]
[TimeControl "180+1"]
[EndTime "9:30:27 PDT"]
[Termination "BardArtem won by checkmate"]

1. b3 a5 2. e4 a4 3. d4 e6 4.
Nf3 d5 5. exd5 exd5 6. Bd3 axb3 7.
cxb3 Bb4+ 8. Bd2 Be7 9. O-O Nf6 10. Re1 O-O 11. Ne5 Nbd7 12. Nc3 c6 13. Qf3 Re8 14.
Bg5 Nf8 15. Re2 Ne6 16. Bxf6 Bxf6 17. Bxh7+ Kf8 18. Rae1 Nxd4 19. Ng6+ fxg6 20. Rxe8+ Qxe8 21. Rxe8+ Kxe8 22. Bxg6+ Kd8 23. Qf4 Bd7 24. h4 Ne6 25. Qg3 b5 26. a4 bxa4 27. Nxa4 Ke7 28. Bf5 Ra5 29. Bxe6 Kxe6 30. Qg4+ Ke5 31. Qxd7 Rb5 32. Qxc6 Rxb3 33. Qc7+ Kd4 34. g3 Rb4 35. Qc5+ Ke5 36.
Qxb4 d4 37. Qc4 Ke4 38. Nc5+ Ke5 39. Qe6# 1-0

[Event "Early-Titled-Tuesday-Blitz-May-14-2024"]
[Site "Chess.com"]
[Date "2024.05.14"]
[Round "8"]
[White "Bilan_Danila"]
[Black "zajka-molotok"]
[Result "0-1"]
[WhiteElo "2644"]
[BlackElo "2563"]
[TimeControl "180+1"]
[EndTime "9:30:27 PDT"]
[Termination "zajka-molotok won by resignation"]

1. d4 Nf6 2. Nf3 e6 3. g3 c5 4. c4 b6 5. Bg2 Bb7 6. d5 exd5 7.
Nh4 g6 8. cxd5 Bg7 9. O-O d6 10.
Nc3 O-O 11. Bf4 a6 12. e4 b5 13. e5 Nh5 14. Nf3 Nxf4 15. gxf4 Nd7 16. e6 Nb6 17. Ng5 f5 18. Re1 Qe7 19. a3 Nc4 20. Qe2 Nb6 21.
Rad1 b4 22. axb4 cxb4 23. Na2 a5 24. Qb5 Nc8 25. Qd7 Bxb2 26. Re2 Bf6 27. Nc1 Ba6 28. Nd3 Ra7 29. Qxe7 Nxe7 30. Ra2 Bc4 31. Rc2 Bb3 32. Rdc1 Bxc2 33. Rxc2 b3 34. Rc4 b2 35. Nxb2 Bxb2 36. Nf7 Rxf7 37. exf7+ Kxf7 38. h4 a4 39. h5 a3 40. hxg6+ hxg6 0-1

[Event "Early-Titled-Tuesday-Blitz-May-14-2024"]
[Site "Chess.com"]
[Date "2024.05.14"]
[Round "8"]
[White "Orest_Vovk"]
[Black "Cherepov_Alexej"]
[Result "1-0"]
[WhiteElo "2653"]
[BlackElo "2425"]
[TimeControl "180+1"]
[EndTime "9:30:27 PDT"]
[Termination "Orest_Vovk won on time"]

1. h4 d5 2. h5 h6 3. e4 dxe4 4.
Nc3 Nf6 5. Qe2 Nc6 6. Nxe4 Bf5 7. Nxf6+ gxf6 8. d3 Nd4 9. Qd1 e5 10. c3 Nc6 11.
Be3 Rg8 12. Qb3 Qd7 13. O-O-O O-O-O 14. Rh4 Kb8 15. Ra4 Be6 16. Qb5 f5 17. g3 Qd5 18.
Qxd5 Bxd5 19. Bh3 Be6 20. Nf3 a6 21. Nh4 f4 22. Bxe6 fxe3 23. Bxf7 Rg7 24. Bg6 exf2 25.
Rf1 Bc5 26. d4 exd4 27. Rxf2 dxc3 28. Rf3 cxb2+ 29. Kxb2 Rd2+ 30. Kc3 Rgd7 31. Rd3 R7xd3+ 32. Bxd3 Rg2 33. Nf5 Ne5 34. Be4 Rf2 35. Ra5 Bd6 36.
Nxh6 Rf6 37. Nf5 1-0

[Event "Early-Titled-Tuesday-Blitz-May-14-2024"]
[Site "Chess.com"]
[Date "2024.05.14"]
[Round "8"]
[White "Msb2"]
[Black "the_chess_child"]
[Result "1-0"]
[WhiteElo "3072"]
[BlackElo "2888"]
[TimeControl "180+1"]
[EndTime "9:30:28 PDT"]
[Termination "Msb2 won on time"]

1. d4 Nf6 2. c4 g6 3. Nc3 Bg7 4. e4 d6 5. Be2 O-O 6. Nf3 e5 7.
Be3 Ng4 8. Bg5 f6 9. Bh4 Nc6 10.
d5 Ne7 11. Nd2 h5 12. h3 Nh6 13. f3 g5 14. Bf2 f5 15. c5 Ng6 16. Nc4 g4 17. hxg4 hxg4 18. exf5 Nxf5 19. fxg4 Nd4 20.
Qd3 e4 21. Nxe4 Nxe2 22. Qxe2 Nf4 23. Qc2 Nxg2+ 24. Kf1 Nf4 25. Nexd6 cxd6 26. Qh7+ Kf7 27. Nxd6+ Qxd6 28. cxd6 Bxg4 29. Re1 Rae8 30. Re4 Rxe4 31. Qxe4 Kg8 32. Rg1 Bf5 33. Qe7 Bg6 34. d7 Rf7 35. d8=Q+ 1-0

[Event "Early-Titled-Tuesday-Blitz-May-14-2024"]
[Site "Chess.com"]
[Date "2024.05.14"]
[Round "8"]
[White "Djager97"]
[Black "jraosam"]
[Result "1-0"]
[WhiteElo "2545"]
[BlackElo "2082"]
[TimeControl "180+1"]
[EndTime "9:30:28 PDT"]
[Termination "Djager97 won by resignation"]

1. e4 c5 2. Nf3 e6 3. d4 cxd4 4.
Nxd4 a6 5. Nc3 Qc7 6. Bd3 Nf6 7. Qe2 d6 8. f4 Nbd7 9. g4 b5 10. a3 Bb7 11. g5 Ng8 12. Bd2 Nc5 13. O-O-O Rc8 14.
Kb1 Ne7 15. h4 Nc6 16. Nxc6 Bxc6 17. f5 Nxd3 18. Qxd3 e5 19. h5 Bb7 20. g6 Qc4 21.
Qf3 f6 22. h6 gxh6 23. Rhg1 hxg6 24. Rxg6 Be7 25. Bxh6 Kd7 26. Bg7 Rh4 27. Bxf6 Bxe4 28. Nxe4 Qxc2+ 29. Ka2 Qc4+ 30. Qb3 Qxb3+ 31. Kxb3 Rxe4 32.
Bxe7 Kxe7 33. Re6+ Kf7 34. Rdxd6 Re3+ 35. Ka2 Rc2 36.
Rd7+ Kf8 37. Rxa6 Ke8 38. Rh7 Rc8 39. Raa7 1-0

[Event "Early-Titled-Tuesday-Blitz-May-14-2024"]
[Site "Chess.com"]
[Date "2024.05.14"]
[Round "8"]
[White "baki83"]
[Black "vaishali2001"]
[Result "1-0"]
[WhiteElo "2927"]
[BlackElo "2693"]
[TimeControl "180+1"]
[EndTime "9:30:29 PDT"]
[Termination "baki83 won by resignation"]

1. e4 e5 2. Nf3 Nc6 3. Bb5 a6 4. Ba4 d6 5. O-O Nf6 6. Re1 Bd7 7. c3 g6 8. h3 Bg7 9. d4 O-O 10. Nbd2 h6 11. Nf1 Qe8 12. Bc2 Nh5 13. Ne3 Qd8 14.
Nd5 Ne7 15. dxe5 dxe5 16. Be3 Nxd5 17. Qxd5 Bc6 18. Qc5 Re8 19. Rad1 Qf6 20. Bb3 Bf8 21. Qc4 Bb5 22. Qxc7 Bc6 23. Bd5 Rac8 24. Qb6 Nf4 25.
Bxf4 Qxf4 26. Bxc6 bxc6 27. Qxa6 g5 28. Nh2 h5 29. Qe2 g4 30. hxg4 h4 31. Qf3 Qh6 32. g5 Qg6 33. Qf5 Qh5 34. Ng4 Bg7 35. Rd6 Rcd8 36. Rh6 Bxh6 37. Nf6+ 1-0

[Event "Early-Titled-Tuesday-Blitz-May-14-2024"]
[Site "Chess.com"]
[Date "2024.05.14"]
[Round "8"]
[White "guillembaches"]
[Black "average_trans"]
[Result "1/2-1/2"]
[WhiteElo "2557"]
[BlackElo "2364"]
[TimeControl "180+1"]
[EndTime "9:30:32 PDT"]
[Termination "Game drawn by repetition"]

1. d4 c5 2. dxc5 e6 3. Nd2 Bxc5 4. Ne4 d5 5. Nxc5 Qa5+ 6. c3 Qxc5 7. Qd4 Qf8 8. e4 Nc6 9. Bb5 Bd7 10. Bxc6 bxc6 11. exd5 cxd5 12. Nf3 Ne7 13. O-O Nc6 14. Qh4 Qe7 15. Qg3 O-O 16. Bf4 Rfe8 17. Rfe1 f6 18. Bd6 Qf7 19. Nd4 a6 20. Rad1 e5 21. Nxc6 Bxc6 22.
b4 Rad8 23. Bc5 Bb5 24. h4 Bc4 25. a3 Qd7 26. Rd2 Qa4 27. h5 h6 28. Be3 Kh8 29. Qg6 Re6 30. Bxh6 gxh6 31. Qxh6+ Kg8 32. Re3 Kf7 33.
Qh7+ Ke8 34. Rg3 Re7 35. Qh8+ Kd7 36. Qxf6 Qxa3 37. Rg6 Ke8 38. Rg8+ Kd7 39. Rg6 Ke8 40. Rg8+ Kd7 41. Rg6 1/2-1/2

[Event "Early-Titled-Tuesday-Blitz-May-14-2024"]
[Site "Chess.com"]
[Date "2024.05.14"]
[Round "8"]
[White "JanMur7"]
[Black "AttilaTurzo"]
[Result "0-1"]
[WhiteElo "2269"]
[BlackElo "2454"]
[TimeControl "180+1"]
[EndTime "9:30:32 PDT"]
[Termination "AttilaTurzo won by resignation"]

1. c4 e5 2. Nc3 Bb4 3. Qc2 Bxc3 4.
Qxc3 d6 5. g3 f5 6. d4 Qe7 7. dxe5 dxe5 8. Bg2 Nf6 9. Nf3 e4 10.
Nd4 c5 11. Nb3 O-O 12. Be3 b6 13. a4 a5 14. f3 Bb7 15. O-O Nbd7 16. Rad1 Rfe8 17.
Bf4 Rac8 18. Nd2 h6 19. fxe4 Nxe4 20. Nxe4 Bxe4 21. Bxe4 fxe4 22. Qd2 Nf8 23. Qd5+ Qe6 24. b3 Qxd5 25. cxd5 c4 26. bxc4 Rxc4 27. Rb1 Nd7 28. Rfc1 Rec8 29. Rxc4 Rxc4 30. Rc1 Rxc1+ 31. Bxc1 Nf6 32.
d6 Kf7 33. Bb2 Nd7 34. g4 g6 35. h4 h5 36. gxh5 gxh5 37. Kf2 Ke6 38. Ke3 Nc5 39. Bd4 Nxa4 40. Kxe4 Nc5+ 41. Bxc5 bxc5 42. d7 Kxd7 43. Kd5 a4 44. Kc4 Ke6 45. Kc3 Ke5 46.
Kb2 Ke4 47. Ka3 Ke3 48. Kxa4 Kxe2 49. Kb5 Kf3 50. Kxc5 Kg4 51. Kd4 Kxh4 52. Ke3 Kg3 53. Ke2 Kg2 54. Ke3 h4 55. Kf4 h3 56. Kg4 h2 0-1

[Event "Early-Titled-Tuesday-Blitz-May-14-2024"]
[Site "Chess.com"]
[Date "2024.05.14"]
[Round "8"]
[White "JiaHaoxiang"]
[Black "ccccvhhhj"]
[Result "1-0"]
[WhiteElo "2621"]
[BlackElo "2454"]
[TimeControl "180+1"]
[EndTime "9:30:33 PDT"]
[Termination "JiaHaoxiang won by resignation"]

1. e4 e6 2. d4 d5 3. e5 c5 4. c3 Nc6 5. Nf3 Bd7 6. a3 Qc7 7. b4 c4 8. a4 f6 9. exf6 Nxf6 10.
g3 Bd6 11. Bg2 O-O 12. O-O Be8 13. Re1 Bh5 14. Rxe6 Ne4 15. Qe2 Qf7 16. Rxd6 Nxd6 17. Bf4 Rae8 18. Qf1 Ne4 19. b5 Bxf3 20. Bxf3 Na5 21.
Bxe4 Rxe4 22. Nd2 Rxf4 23. gxf4 Qxf4 24. Rd1 Rf6 25. Kh1 Nb3 26. Qe2 Qxf2 27. Qe8+ Rf8 28.
Qe6+ Kh8 29. Rf1 Qxf1+ 30. Nxf1 Rxf1+ 31. Kg2 Rf8 32. Qxd5 Nd2 33. Qxb7 Nf1 34. Qxa7 Ne3+ 35. Kg3 Nf5+ 36. Kf4 1-0

[Event "Early-Titled-Tuesday-Blitz-May-14-2024"]
[Site "Chess.com"]
[Date "2024.05.14"]
[Round "8"]
[White "abelmat"]
[Black "nitpicker"]
[Result "0-1"]
[WhiteElo "2015"]
[BlackElo "2278"]
[TimeControl "180+1"]
[EndTime "9:30:33 PDT"]
[Termination "nitpicker won on time"]

1. d4 Nf6 2. c4 e6 3. Nf3 d5 4. Nc3 Bb4 5. Qa4+ Nc6 6. a3 Be7 7. c5 O-O 8. Bf4 Nh5 9. e3 Nxf4 10. exf4 Bd7 11. Qc2 b6 12. cxb6 axb6 13. Bd3 g6 14.
O-O Kg7 15. Bb5 Bd6 16. Bxc6 Bxc6 17. Ne5 Bb7 18. Nb5 Ba6 19. a4 Bxb5 20. axb5 Bxe5 21. fxe5 Qd7 22. Qc6 Qxc6 23. bxc6 f6 24. f4 Kf7 25.
Kf2 Ke7 26. Ke3 Rfb8 27. Kd3 b5 28. Kc3 Rxa1 29. Rxa1 Rb6 30. Kb4 Rxc6 31. Kb3 Rc4 32. Rd1 fxe5 33. fxe5 c5 34. dxc5 Rxc5 35. Kb4 Rc2 36. b3 Rxg2 37. Kxb5 Rxh2 38. b4 g5 39. Ka6 g4 40. b5 Ra2+ 41. Kb7 g3 42. b6 h5 43. Kc8 h4 44. b7 Rb2 45. Rh1 g2 46. Rxh4 g1=Q 47. Rh7+ Kf8 0-1

[Event "Early-Titled-Tuesday-Blitz-May-14-2024"]
[Site "Chess.com"]
[Date "2024.05.14"]
[Round "8"]
[White "GMthekingindian"]
[Black "MikeWizard"]
[Result "1-0"]
[WhiteElo "2291"]
[BlackElo "2006"]
[TimeControl "180+1"]
[EndTime "9:30:33 PDT"]
[Termination "GMthekingindian won by resignation"]

1. d4 Nf6 2. Nf3 g6 3. g3 Bg7 4. Bg2 d6 5. O-O O-O 6. b3 c5 7. Bb2 Nc6 8. d5 Nb8 9. c4 Nbd7 10. Nbd2 a6 11. a4 Rb8 12. Qc2 b5 13. e4 bxc4 14. Nxc4 Nb6 15. Nfd2 Bd7 16. Bc3 Qc8 17. Rfe1 Bh3 18.
Bh1 Nfd7 19. Bxg7 Kxg7 20. Na5 Ne5 21. f4 Ng4 22. Nc6 Rb7 23. Nc4 h5 24. e5 Rh8 25.
Nxb6 Rxb6 26. Nxe7 Qb7 27. exd6 Rxb3 28. Rab1 c4 29.
Rxb3 Qxb3 30. Qxb3 cxb3 31. Rb1 Rd8 32. Rxb3 Rxd6 33.
a5 Nf6 34. Rb6 Rd7 35. d6 Ne8 36. Bc6 Rd8 37. Bxe8 Rxe8 38. Rxa6 Rd8 39. Rb6 Kf6 40. a6 Bg4 41. a7 Bf3 42. Nc6 Ra8 43. d7 Bxc6 44.
Rxc6+ Ke7 45. Rc8 Rxa7 46. d8=Q+ 1-0

[Event "Early-Titled-Tuesday-Blitz-May-14-2024"]
[Site "Chess.com"]
[Date "2024.05.14"]
[Round "8"]
[White "dropstoneDP"]
[Black "Alexchess1984"]
[Result "0-1"]
[WhiteElo "2956"]
[BlackElo "2703"]
[TimeControl "180+1"]
[EndTime "9:30:37 PDT"]
[Termination "Alexchess1984 won by resignation"]

1. e4 e6 2. d4 d5 3. e5 Bd7 4.
Nf3 Ne7 5. Bd3 a6 6. Nc3 c5 7. dxc5 Ng6 8. Be3 Qc7 9. O-O Bxc5 10. Bxc5 Qxc5 11. Qd2 Nc6 12. Rfe1 Rc8 13. h4 h6 14. h5 Nge7 15. Ne2 Nb4 16. Ned4 Nxd3 17. cxd3 O-O 18. Rac1 Qb6 19. g4 Nc6 20. Qe3 Nxd4 21. Nxd4 Rxc1 22. Rxc1 Qxb2 23. Rc7 Bc6 24. Nxc6 bxc6 25.
Rxc6 Qxa2 26. Kg2 Qa4 27. Rb6 Qxg4+ 28. Qg3 Qxh5 29. Rxa6 Rc8 30. Ra4 g5 31. Ra1 Kg7 32.
Re1 Rc2 33. Re3 Rc1 34. Qh3 Qxh3+ 35. Kxh3 Kg6 36. Kg2 g4 37. f3 h5 38. fxg4 hxg4 39. Re2 Rd1 40. Kg3 Kg5 41. Rf2 Rxd3+ 42. Kg2 Rf3 43.
Ra2 d4 44. Ra7 d3 45. Rd7 Kf4 46. Rxf7+ Kxe5 47. Rd7 Ke4 48. Rd8 e5 0-1

[Event "Early-Titled-Tuesday-Blitz-May-14-2024"]
[Site "Chess.com"]
[Date "2024.05.14"]
[Round "8"]
[White "ContrVersia"]
[Black "Revan_2002"]
[Result "1-0"]
[WhiteElo "2901"]
[BlackElo "2740"]
[TimeControl "180+1"]
[EndTime "9:30:38 PDT"]
[Termination "ContrVersia won by resignation"]

1. Nf3 Nf6 2. c4 g6 3. g3 Bg7 4.
Bg2 O-O 5. O-O d6 6. d4 Nc6 7.
Nc3 e5 8. dxe5 dxe5 9. Bg5 Be6 10. Nd2 Qc8 11. Bxf6 Bxf6 12. Nde4 Bg7 13. Nd5 Rd8 14. e3 h6 15. Qa4 Bxd5 16. cxd5 Ne7 17. Nc3 Qd7 18.
Qb3 a6 19. Rfd1 Rab8 20. Rac1 Nf5 21. Bh3 Qe7 22. Bxf5 gxf5 23. e4 f4 24. Ne2 c6 25.
gxf4 exf4 26. Nxf4 Qxe4 27. Qg3 Kh7 28. b3 Be5 29. Rc4 Qf5 30. Qd3 Qxd3 31. Rxd3 b5 32. Re4 f6 33. dxc6 Rg8+ 34. Kf1 Rbc8 35. Rd7+ Rg7 36. Ne6 f5 37. Rxe5 1-0

[Event "Early-Titled-Tuesday-Blitz-May-14-2024"]
[Site "Chess.com"]
[Date "2024.05.14"]
[Round "8"]
[White "nabukatnezarr"]
[Black "Gareth-Bale11"]
[Result "1/2-1/2"]
[WhiteElo "2617"]
[BlackElo "2883"]
[TimeControl "180+1"]
[EndTime "9:30:38 PDT"]
[Termination "Game drawn by repetition"]

1. d4 Nf6 2. Nf3 g6 3. Nc3 d5 4. Bf4 Bg7 5. h3 O-O 6. e3 c5 7. Be2 Nc6 8. O-O cxd4 9. exd4 Ne4 10. Nb5 a6 11. Na3 b5 12. c3 b4 13. cxb4 Nxb4 14. Qa4 a5 15. Rfc1 Bd7 16. Qd1 Qb6 17. Ne5 Bf5 18. Nb5 Rfc8 19. a3 Nc6 20. Nxc6 Rxc6 21. Nc7 Rd8 22. Rxc6 Qxc6 23. Rc1 Qb7 24. Nb5 Rc8 25.
f3 Rxc1 26. Qxc1 Bd7 27. fxe4 Bxb5 28. Bxb5 Bxd4+ 29. Be3 Bxe3+ 30. Qxe3 Qxb5 31. exd5 Kf8 32. Qd4 Ke8 33. b4 axb4 34. axb4 Kd7 35. Qc5 Qe2 36. Qc6+ Kd8 37. Qb6+ Kd7 38. Qc6+ Kd8 39. Qb6+ Ke8 40. Qc6+ Kd8 1/2-1/2

[Event "Early-Titled-Tuesday-Blitz-May-14-2024"]
[Site "Chess.com"]
[Date "2024.05.14"]
[Round "8"]
[White "Vasily_IM"]
[Black "PeshkaCh"]
[Result "0-1"]
[WhiteElo "2603"]
[BlackElo "2864"]
[TimeControl "180+1"]
[EndTime "9:30:38 PDT"]
[Termination "PeshkaCh won by resignation"]

1. d4 Nf6 2. c4 e6 3. Nc3 d5 4.
cxd5 exd5 5. Bg5 Be7 6. e3 O-O 7. Bd3 c6 8. Qc2 h6 9. Bh4 Nh5 10. Bxe7 Qxe7 11. Nf3 Nf4 12. O-O Nxd3 13. Qxd3 a5 14.
Rab1 Na6 15. a3 Nc7 16. b4 axb4 17. axb4 Ra3 18. Qc2 Bf5 19. Qxf5 Rxc3 20. Ne5 Ra8 21. h3 g6 22. Qf4 Kg7 23. Ng4 Rh8 24. Rfe1 h5 25.
Ne5 Ne6 26. Qg3 Ra8 27. b5 cxb5 28. Rxb5 Nxd4 29. Rxd5 Ra1 30. Rxd4 Rxe1+ 31. Kh2 Rcc1 32. Qf4 h4 33. g3 hxg3+ 34. Kxg3 Rg1+ 35. Kf3 Rcd1 36.
Nd3 Qe6 37. h4 Qh3+ 38. Ke2 Qf1+ 39. Kf3 Rxd3 40. Qe5+ Kh7 41. Qd5 Qg2+ 0-1

[Event "Early-Titled-Tuesday-Blitz-May-14-2024"]
[Site "Chess.com"]
[Date "2024.05.14"]
[Round "8"]
[White "CD3m"]
[Black "Pumpkin_in_moonlight"]
[Result "1-0"]
[WhiteElo "2351"]
[BlackElo "2187"]
[TimeControl "180+1"]
[EndTime "9:30:39 PDT"]
[Termination "CD3m won on time"]

1. e4 c5 2. Nf3 a6 3. d3 g6 4.
g3 Bg7 5. Bg2 Nc6 6. h4 Nf6 7.
O-O d6 8. Re1 O-O 9. Nbd2 Ng4 10.
Nf1 b5 11. N1h2 Nxh2 12. Nxh2 Bb7 13. h5 b4 14. f4 Nd4 15. a4 a5 16. Rb1 f5 17. c3 Nc6 18. Bd2 Qd7 19. Bh3 e6 20. g4 Ne7 21. hxg6 hxg6 22. gxf5 exf5 23. Qb3+ Rf7 24. Nf3 Bf6 25. Kf2 Kg7 26. Rg1 Rh8 27. Rg3 d5 28. Rbg1 fxe4 29. Rxg6+ Nxg6 30. Bxd7 c4 31. dxc4 exf3 32. Bf5 Rh2+ 33. Kf1 Ba6 34. Rxg6+ Kf8 35. Bd3 Rxd2 36. Ke1 Rxd3 37. cxd5 Re3+ 38.
Kd1 Rd3+ 39. Kc2 Re3 40. d6 1-0

[Event "Early-Titled-Tuesday-Blitz-May-14-2024"]
[Site "Chess.com"]
[Date "2024.05.14"]
[Round "8"]
[White "Firouzja2003"]
[Black "lilleper1"]
[Result "1-0"]
[WhiteElo "3191"]
[BlackElo "2921"]
[TimeControl "180+1"]
[EndTime "9:30:40 PDT"]
[Termination "Firouzja2003 won by resignation"]

1. e4 e5 2. Nf3 Nc6 3. Bb5 a6 4. Ba4 Nf6 5. d3 b5 6. Bb3 Bc5 7. c3 d6 8. Nbd2 h6 9. Nf1 O-O 10. h3 Be6 11. Ng3 Bxb3 12. axb3 a5 13. O-O Bb6 14. Nh2 Qd7 15. Qf3 Qe6 16. Nf5 Kh7 17. Be3 Ng8 18. Bxb6 cxb6 19. Qg4 g6 20.
Ne3 Nge7 21. Qxe6 fxe6 22. g3 d5 23. Kg2 d4 24. Nc2 Rfd8 25. c4 b4 26. Ne1 Nc8 27.
Nef3 h5 28. Ng5+ Kg8 29. Nxe6 Rd7 30. f4 Nd6 31. Nf3 Re8 32. fxe5 Nxe4 33. Nf4 Nc5 34. Rae1 Kg7 35. e6 Rde7 36. Ng5 Rf8 37. Nd5 Rxf1 38. Rxf1 Rxe6 39. Nxe6+ Nxe6 40. Rf6 Ncd8 41. Kf3 Nc5 42. Ke2 Nde6 43. h4 Kg8 44. Rxg6+ Kf7 45. Rf6+ Kg7 46.
Kd1 Kh7 47. Kc2 Kg7 48. Rf5 Kg6 49. Re5 Nd8 50. Nf4+ 1-0

[Event "Early-Titled-Tuesday-Blitz-May-14-2024"]
[Site "Chess.com"]
[Date "2024.05.14"]
[Round "8"]
[White "Zhigalko_Sergei"]
[Black "Arhan_Anand"]
[Result "1-0"]
[WhiteElo "2850"]
[BlackElo "2636"]
[TimeControl "180+1"]
[EndTime "9:30:41 PDT"]
[Termination "Zhigalko_Sergei won by resignation"]

1. e4 c5 2. Nf3 d6 3. d4 cxd4 4.
Qxd4 Nf6 5. Nc3 a6 6. Bc4 Nc6 7. Qd3 e6 8. Bf4 Qc7 9. O-O-O e5 10. Bg5 Nb4 11. Qe2 Be6 12. Bb3 Be7 13. Bxf6 gxf6 14. a3 Nc6 15. Nd5 Qd8 16. Ne3 Qb6 17. Bd5 Rc8 18. Kb1 Na5 19. Nh4 Rc7 20. Nhf5 Bf8 21. Rd3 Rg8 22. Rhd1 Rd7 23. Qh5 Rg6 24. Qxh7 Bxf5 25. exf5 Rh6 26. Qg8 Rh5 27. Ng4 Rxf5 28. Bxf7+ Rxf7 29. Nh6 Rc7 30. Qe6+ Be7 31. Nxf5 Nc4 32.
Rb3 Qxf2 33. Nxe7 Nxa3+ 34. Rxa3 Qxc2+ 35. Ka2 Rxe7 36. Qg8+ Kd7 37. Rdd3 b5 38. Rdc3 1-0

[Event "Early-Titled-Tuesday-Blitz-May-14-2024"]
[Site "Chess.com"]
[Date "2024.05.14"]
[Round "8"]
[White "tarno17"]
[Black "SanchezKelvin"]
[Result "0-1"]
[WhiteElo "2177"]
[BlackElo "2585"]
[TimeControl "180+1"]
[EndTime "9:30:42 PDT"]
[Termination "SanchezKelvin won by checkmate"]

1. e4 c5 2. Nf3 Nc6 3. Bb5 g6 4. O-O Bg7 5. c3 Nf6 6. Re1 O-O 7. d4 cxd4 8. cxd4 d5 9. e5 Ne4 10. h3 f6 11. Nc3 Nxc3 12. bxc3 e6 13. Ba3 Rf7 14.
exf6 Bxf6 15. Ne5 Nxe5 16. dxe5 Bg5 17. Bd6 Bd7 18. Bd3 Rc8 19. Qb3 Bc6 20. Rad1 Bf4 21. Bf1 Qh4 22. Qb4 a5 23. Qd4 Bg5 24. Qxh4 Bxh4 25.
g3 Bd8 26. Bg2 Bb6 27. Rd2 a4 28. Rc1 Bb5 29. Bf1 Bxf1 30. Kxf1 Ba5 31. Rd3 h5 32.
Rc2 Rc4 33. Kg2 Rd7 34. Rf3 Rf7 35. Rd3 g5 36. Kg1 Kh7 37. Kg2 Kg6 38. Re3 g4 39.
hxg4 hxg4 40. Rd3 Rh7 41. Rd4 b5 42. Rxc4 bxc4 43. Rb2 Bxc3 44. Rb6 Kf5 45. Bc5 Bxe5 46. Ra6 c3 47. Be3 d4 48. Bc1 d3 49. Rxa4 d2 50. Bxd2 cxd2 51. Rf4+ Bxf4 52. gxf4 d1=Q 53. a4 Qf3+ 54. Kf1 Rh1# 0-1

[Event "Early-Titled-Tuesday-Blitz-May-14-2024"]
[Site "Chess.com"]
[Date "2024.05.14"]
[Round "8"]
[White "C_K_G"]
[Black "HajiyevKanan"]
[Result "1-0"]
[WhiteElo "2291"]
[BlackElo "2459"]
[TimeControl "180+1"]
[EndTime "9:30:42 PDT"]
[Termination "C_K_G won by checkmate"]

1. e4 c6 2. Nf3 d5 3. Nc3 a6 4. d4 Bg4 5. e5 e6 6. h3 Bh5 7. Bd3 c5 8. g4 Bg6 9. Bxg6 hxg6 10.
Be3 cxd4 11. Nxd4 Qc7 12. f4 Bb4 13. Qd3 Ne7 14. a3 Bxc3+ 15. bxc3 Nbc6 16. Nb3 Rc8 17.
Bc5 Nxe5 18. fxe5 Qxe5+ 19. Qe3 Qxe3+ 20. Bxe3 Rxc3 21. Kd2 Rc4 22. c3 Nc6 23. a4 Kd7 24.
a5 Rc8 25. Rhf1 f6 26. Nc5+ Ke7 27. Nxb7 Ne5 28. Bd4 R8c7 29. Rab1 Nc6 30. Bc5+ Kd7 31. Ba3 Rd4+ 32. cxd4 Nxd4 33. Nc5+ Kc8 34. Nxa6 Ra7 35. Rb8+ Kd7 36. Nc5+ Kc6 37. Re8 Rxa5 38. Bb4 Ra2+ 39. Kd3 e5 40. Re7 Kb5 41. Bc3 Nc6 42. Rxg7 Kxc5 43. Rxf6 e4+ 44. Ke3 Ra3 45. Rc7 Rxc3+ 46. Ke2 Kb6 47. Rg7 Rxh3 48. Rgxg6 Rc3 49. g5 Kb5 50. Rxc6 Rxc6 51. Rxc6 Kxc6 52. g6 Kc5 53. g7 d4 54. g8=Q Kd6 55. Qg5 Ke6 56. Qh5 Kf6 57.
Kd2 Ke6 58. Kc2 e3 59. Kd3 Kf6 60. Kxd4 e2 61. Qxe2 Kf5 62. Qe5+ Kg6 63. Qf4 Kg7 64. Ke5 Kg6 65. Ke6 Kh7 66. Qg5 Kh8 67. Kf7 Kh7 68.
Qg7# 1-0

[Event "Early-Titled-Tuesday-Blitz-May-14-2024"]
[Site "Chess.com"]
[Date "2024.05.14"]
[Round "8"]
[White "Maluco_do_Natal_00"]
[Black "grozdanovic_a"]
[Result "0-1"]
[WhiteElo "2031"]
[BlackElo "2310"]
[TimeControl "180+1"]
[EndTime "9:30:43 PDT"]
[Termination "grozdanovic_a won on time"]

1. e4 c5 2. Nf3 d6 3. d4 cxd4 4. Nxd4 Nf6 5. Nc3 a6 6. Be3 b5 7. a3 Bb7 8. f3 g6 9. Qd2 Bg7 10. h4 h5 11. O-O-O Nbd7 12. Kb1 Rc8 13. Nb3 Ne5 14. Be2 Nc4 15. Bxc4 bxc4 16. Nd4 Nd7 17. Nde2 Ba8 18. f4 Nc5 19. e5 Bxg2 20. Rhg1 Ne4 21.
Qd4 Nxc3+ 22. Nxc3 Ba8 23. Qa7 Qc7 24. Qxa6 dxe5 25. Bb6 Qc6 26. f5 Bb7 27. Qa5 Ra8 28.
Rd8+ Rxd8 29. Bxd8 O-O 30. fxg6 fxg6 31. Bxe7 Ra8 32.
Qb4 e4 33. Bd6 Kh7 34. Bc5 Rb8 35. Qxc4 Ba6 36. Qd5 Qxd5 37. Nxd5 Rxb2+ 38. Kc1 Rb5 39. Nc7 Rxc5 40. Nxa6 Ra5 41. Nb4 Rxa3 42. Re1 e3 43.
Kd1 Bc3 0-1

[Event "Early-Titled-Tuesday-Blitz-May-14-2024"]
[Site "Chess.com"]
[Date "2024.05.14"]
[Round "8"]
[White "Ginger_GM"]
[Black "Lovetov"]
[Result "1-0"]
[WhiteElo "2669"]
[BlackElo "2550"]
[TimeControl "180+1"]
[EndTime "9:30:44 PDT"]
[Termination "Ginger_GM won on time"]

1. c4 e6 2. Nc3 d5 3. d4 a6 4. cxd5 exd5 5. Qb3 c5 6. Nxd5 Nc6 7.
Bf4 Nxd4 8. Qe3+ Be6 9. Nc7+ Qxc7 10. Bxc7 Nc2+ 11. Kd2 Nxe3 12. Kxe3 Nf6 13. Bg3 c4 14.
Nf3 Bc5+ 15. Kd2 Ne4+ 16. Ke1 Bb4+ 17. Kd1 Rd8+ 18. Kc1 Nc3 19. Nd2 Nxa2+ 20. Rxa2 Bxd2+ 21. Kc2 Bf5+ 22. e4 Bxe4+ 23. Kd1 Bb4+ 24. Ke2 O-O 25. Ke3 Bb1 26. Ra1 Rd1 27. Ke2 Rfd8 28. Bf4 f6 29. Be3 b5 30. Rxa6 Be4 31. f3 Re1+ 32. Kf2 Bc2 33. g4 Rdd1 34. Rb6 Bd3 35. Bxd3 Rxh1 36. Be4 Rxh2+ 37. Kg3 Rxb2 38. Kf4 Bd6+ 39. Kf5 Kf7 40. Rb7+ Be7 41. Bc5 g6+ 42. Kf4 f5 43. Rxe7+ Kg8 44. Kg5 fxe4 45. Kf6 Rd8 46. fxe4 1-0

[Event "Early-Titled-Tuesday-Blitz-May-14-2024"]
[Site "Chess.com"]
[Date "2024.05.14"]
[Round "8"]
[White "Moon_stone123"]
[Black "laiciffOneslraCsungaM"]
[Result "1-0"]
[WhiteElo "2620"]
[BlackElo "2424"]
[TimeControl "180+1"]
[EndTime "9:30:44 PDT"]
[Termination "Moon_stone123 won by checkmate"]

1. d4 Nf6 2. Nf3 d6 3. c4 Nbd7 4. Nc3 e5 5. e4 Be7 6. Be2 O-O 7. O-O Re8 8. Re1 h6 9. h3 c6 10. Be3 Bf8 11. d5 c5 12. a3 g6 13. Qd2 Kh7 14.
b4 b6 15. Bf1 Nh5 16. g3 Bg7 17. Bg2 f5 18. Rac1 Rf8 19. exf5 gxf5 20. Qc2 Kh8 21.
Nb5 Ndf6 22. Nh4 f4 23. Ng6+ Kg8 24. gxf4 exf4 25. Bxf4 Nxf4 26. Nxf4 a6 27. Ne6 Bxe6 28. dxe6 Qe7 29. Nc3 Rac8 30. Nd5 Nxd5 31. Bxd5 Kh8 32. Kh1 Bd4 33. Qg6 Qh4 34. Qg3 Bxf2 35. Qxh4 Bxh4 36.
Re4 Be7 37. Rg1 Rg8 38. Rf1 Rcf8 39. Rf7 Rg7 40. Ref4 Rfxf7 41. exf7 Bf8 42. Re4 Rg3 43. Kh2 Rxa3 44. Rg4 Be7 45. Rg8+ Kh7 46. Be4# 1-0